AoeStats
← mr. bourne.

Black Forest

509847956Analyzed
4v4 RM · 3d ago on Sep 28, 2026· 49m 39s· 8 players
Game mode
Random Map
Map size
Large (8 player)
Population
200
Speed
Normal
Resources
Standard
Victory
Conquest
Starting age
Dark Age
Ending age
Imperial Age
RankedLock teamsTeams togetherTeam positionsShared explorationLock speedFull tech treeHidden civsTurbo modeCheats
Victory
Defeat
🇨🇳 Romans · China
1469
+10
🇮🇳 Poles · India
1375
+13
🇮🇳 Persians · India
1348
+14
🇨🇳 Dravidians · China
1300
+17
🇬🇧 Saxons · United Kingdom
1344
-15
🇬🇷 Japanese · Greece
1305
-13
🇳🇿 Celts · New Zealand
1301
-13
🇨🇳 Mongols · China
1300
-13
Tee
3:36 Loom
16:02 Feudal Age
16:55 Horse Collar
17:02 Double-Bit Axe
18:02 Wheelbarrow
20:32 Castle Age
21:40 Bow Saw
21:32 Heavy Plow
32:46 Imperial Age
30:50 Husbandry
31:01 Bloodlines
31:05 Forging
31:03 Scale Barding Armor
32:07 Hand Cart
31:38 Town Watch
32:39 Gold Mining
32:47 Stone Mining
33:21 Chain Barding Armor
33:36 Iron Casting
33:13 Elite War Elephant
35:57 Blast Furnace
36:27 Plate Barding Armor
35:55 Light Cavalry
39:02 Hussar
41:06 Fletching
cyfantax
6:14 Loom
12:45 Feudal Age
16:36 Castle Age
15:09 Double-Bit Axe
16:02 Gold Mining
16:35 Fletching
23:50 Ballistics
25:09 Horse Collar
26:39 Bodkin Arrow
27:49 Bow Saw
27:45 Heavy Plow
29:31 Thumb Ring
33:09 Imperial Age
32:03 Padded Archer Armor
32:29 Stone Mining
33:30 Wheelbarrow
33:48 Leather Archer Armor
33:36 Elite Elephant Archer
34:51 Fishing Lines
35:33 Bracer
37:09 Chemistry
38:01 Hand Cart
38:55 Ring Archer Armor
40:03 Medical Corps
42:10 Conscription
43:39 Wootz Steel
46:17 Elite Skirmisher
沧海
9:08 Feudal Age
9:11 Man-at-Arms
11:51 Double-Bit Axe
17:00 Fishing Lines
25:33 Castle Age
23:37 Gold Mining
23:54 Stone Mining
25:07 Loom
26:48 Bow Saw
26:52 Gillnets
27:57 Ballistics
29:26 Medium Warships
29:11 Fletching
32:06 Imperial Age
36:03 Heavy Warships
39:06 Siege Engineers
39:17 Heavy Scorpion
41:09 Chemistry
42:06 Wheelbarrow
43:08 Town Watch
43:55 Hand Cart
44:25 Capped Ram
46:18 Masonry
48:16 Capped Ram
49:09 Town Patrol
Kritika
11:08 Feudal Age
16:06 Castle Age
14:12 Double-Bit Axe
14:35 Horse Collar
17:02 Bow Saw
20:47 Loom
21:38 Wheelbarrow
21:35 Gold Mining
22:31 Heavy Plow
23:43 Fletching
23:54 Padded Archer Armor
25:28 Stone Mining
26:39 Hand Cart
29:38 Imperial Age
27:30 Scale Barding Armor
27:36 Forging
27:35 Town Watch
27:41 Town Watch
28:18 Bloodlines
28:09 Husbandry
28:32 Chain Barding Armor
29:52 Cavalier
31:29 Iron Casting
31:51 Capped Ram
33:18 Conscription
32:44 Siege Ram
34:34 Blast Furnace
35:37 Onager
41:41 Light Cavalry
46:09 Conscription
偷看阿姨洗澡
10:09 Feudal Age
9:19 Loom
13:50 Castle Age
12:40 Double-Bit Axe
12:37 Horse Collar
16:27 Fletching
21:23 Bodkin Arrow
22:34 Gold Mining
29:21 Imperial Age
28:32 Bow Saw
29:21 Gold Shaft Mining
28:49 Heavy Plow
31:22 Conscription
32:38 Wheelbarrow
34:17 Hand Cart
38:02 Siege Engineers
38:58 Chemistry
38:08 Bracer
38:10 Padded Archer Armor
38:43 Ballistics
38:54 Stone Mining
42:23 Leather Archer Armor
43:28 Bloodlines
43:19 Husbandry
43:33 Masonry
43:18 Murder Holes
43:41 Elite Mangudai
46:55 Hoardings
Oliver
0:30 Loom
10:05 Feudal Age
12:46 Fletching
15:15 Double-Bit Axe
21:52 Castle Age
21:02 Horse Collar
25:25 Padded Archer Armor
26:51 Crossbowman
30:28 Thumb Ring
34:05 Imperial Age
32:36 Bodkin Arrow
35:18 Masonry
34:48 Arbalester
35:55 Ballistics
35:27 Arbalester
37:16 Conscription
37:13 Pikeman
39:49 Fortified Wall
41:00 Wheelbarrow
41:36 Chemistry
43:34 Heavy Scorpion
44:36 Halberdier
Madeft
0:27 Loom
12:15 Feudal Age
13:47 Double-Bit Axe
13:44 Horse Collar
16:40 Castle Age
16:48 Wheelbarrow
16:57 Stone Mining
16:58 Gold Mining
23:47 Pikeman
26:58 Hand Cart
33:06 Imperial Age
32:10 Fletching
32:21 Padded Archer Armor
32:32 Forging
32:22 Scale Mail Armor
32:28 Scale Barding Armor
33:23 Halberdier
34:03 Squires
33:49 Arson
33:51 Gambesons
34:47 Gold Shaft Mining
34:16 Heavy Plow
35:32 Capped Ram
35:36 Onager
37:05 Hoardings
37:51 Chain Mail Armor
38:11 Iron Casting
37:32 Bodkin Arrow
37:52 Leather Archer Armor
38:36 Conscription
38:03 Elite Samurai
38:39 Heavy Scorpion
39:56 Town Watch
40:48 Plate Mail Armor
40:46 Yasama
41:09 Kataparuto
47:59 Chemistry
47:20 Ballistics
47:06 Siege Engineers
47:11 Masonry
mr. bourne.
9:22 Loom
11:41 Feudal Age
15:31 Castle Age
15:09 Man-at-Arms
15:42 Double-Bit Axe
15:39 Horse Collar
20:40 Wheelbarrow
21:45 Bow Saw
23:15 Gold Mining
30:02 Imperial Age
27:59 Fortified Wall
27:50 Stone Mining
31:24 Gold Shaft Mining
30:25 Onager
32:17 Siege Engineers
33:13 Chemistry
33:11 Elite Skirmisher
34:13 Ballistics
34:06 Masonry
33:32 Siege Onager
35:01 Conscription
35:35 Furor Celtica
35:52 Hand Cart
35:23 Town Watch
35:49 Caravan
39:44 Fletching
40:52 Pikeman
41:33 Scale Mail Armor
41:43 Forging
41:29 Stronghold
41:35 Bodkin Arrow
42:17 Halberdier
43:14 Chain Mail Armor
45:11 Plate Mail Armor
45:16 Iron Casting
45:06 Capped Ram
Connection lost

Rejoining the realm…

Still unreachable

The connection could not be restored.

Session expired

The server has moved on; the page needs a fresh start.